 Dungeon Crawl Stone Soup version 0.31-a0-161-gb58dd9be76 (webtiles) character file.

Game seed: 11080541895595307618

177 Moral the Trooper (level 5, -3/72 HPs)
             Began as a Hill Orc Fighter on June 13, 2023.
             Slain by a gnoll
             ... wielding a +0 halberd
             ... led by a gnoll bouda
              (7 damage)
             ... on level 3 of the Dungeon.
             The game lasted 00:04:54 (2048 turns).

Moral the Trooper (Hill Orc Fighter)                Turns: 2048, Time: 00:04:55

Health: -3/72      AC: 22    Str: 19 (21) XL:     5   Next: 57%
Magic:  5/5        EV:  2    Int:  5 (8)  God:
Gold:   174        SH:  4    Dex:  8 (10) Spells: 4/4 levels left

rFire   + + .        a - +0 war axe
rCold   + . .        c - +0 buckler
rNeg    . . .        j - melded +0 plate armour
rPois   +            (helmet currently unavailable)
rElec   +            (cloak currently unavailable)
rCorr   +            (gloves currently unavailable)
SInv    +            (boots currently unavailable)
Will    .....        (no amulet)
Stlth   +            e - ring of protection from fire
HPRegen 0.32/turn    b - ring of see invisible
MPRegen 0.09/turn

%: no passive effects
@: mighty, tree-form, resistant
A: stationary, stasis, torment immunity, boosted hp
a: no special abilities


You were on level 3 of the Dungeon.
You were a tree.
You visited 1 branch of the dungeon, and saw 3 of its levels.

You collected 174 gold pieces.

Inventory:

Hand Weapons
 a - a +0 war axe (weapon)
Armour
 c - a +0 buckler (worn)
 j - a +0 plate armour (melded)
 m - an orb of mayhem
Jewellery
 b - a ring of see invisible (right branch)
 e - a ring of protection from fire (left branch)
Scrolls
 h - a scroll of identify
 k - a scroll of poison
Potions
 d - a potion of might
 l - a potion of resistance


   Skills:
 * Level 5.1 Fighting
 * Level 4.8 Axes
 + Level 4.0 Armour
 + Level 3.9 Shields


You had 4 spell levels left.
You didn't know any spells.
Your spell library contained the following spells:

 Spells                   Type           Power      Damage    Failure   Level
 Stone Arrow              Conj/Erth      0%         3d7       89%         3
 Animate Armour           Summ/Erth      0%         N/A       100%        4
 Lehudib's Crystal Spear  Conj/Erth      0%         10d2      100%        8


Dungeon Overview and Level Annotations

Branches:
Dungeon (3/15)

Altars:


Message History

The gnoll hits you from afar with a +0 halberd!
* * * LOW HITPOINT WARNING * * *
The air fills with toxic fumes!
As you read the scroll labelled QOSOTE TAOP, it crumbles to dust.
It was a scroll of poison.
The gnoll is no longer moving quickly.
The gnoll bouda closely misses you. You block the gnoll's attack. x2
You feel very mighty all of a sudden.
The gnoll is no longer moving quickly.
The gnoll bouda hits you with a +0 club.
* * * LOW HITPOINT WARNING * * *
The gnoll barely misses you. The gnoll hits you but does no damage.
You barely miss the gnoll bouda.
The gnoll bouda hits you with a +0 club.
* * * LOW HITPOINT WARNING * * *
You block the gnoll's attack. x2
The gnoll bouda barks out a call to the hunt!
The gnolls pick up the pace!
It was a potion of degeneration.
There was something very wrong with that liquid.
You feel weakened.
You feel dopey.
You feel clumsy. The gnoll barely misses you.
The gnoll hits you but does no damage. You block the gnoll bouda's attack.
It was a potion of resistance.
You feel protected. The gnoll hits you but does no damage.
You block the gnoll's attack.
The gnoll bouda hits you with a +0 club.
* * * LOW HITPOINT WARNING * * *
It was a potion of lignification.
You turn into a tree.
Your +0 plate armour melds into your body.
Your roots penetrate the ground.
The gnoll hits you but does no damage. x2
You block the gnoll bouda's attack.
You hit the gnoll bouda.
The gnoll bouda is moderately wounded.
The gnoll barely misses you. You block the gnoll's attack.
The gnoll bouda hits you but does no damage.
You hit the gnoll bouda.
The gnoll bouda is severely wounded.
The gnoll hits you but does no damage.
The gnoll hits you from afar with a +0 halberd!
You die...

,,,~,,,,,~,~,,,,,,,,>***
,,,~,~,_,≈.≈..○☼§§§..!.####*
,,,~,~,,,≈.≈...§☼§.........**
>,,~,~~~~≈.≈...○☼§...PP....,*
,,,~,,,,,§.≈...§○§..PP.P...,*
,,,~~~~~~§≈≈..##§#.....§..P,*
,,,,,,,,,§....##§##..P○§..P,*
**,*,,,**#...###§##§☼§§§..P,*
*,***,,*#...###♣ggg§P○PPPP,*
*,****,,..#####§#g○☼PPPPP.,*
*,,**,,,.#####§§###☼§○§...**
**,*,,*,####.☼☼###########*
***,,,,*,####§##########
,,,,,,**,####§##########
,,,,,,**,####.##########
,,,,,,,*,####.##########
,,,,,*,*,,* #.#


You could see a gnoll bouda and 3 gnolls.

Vanquished Creatures
  Natasha (thrice) (D:2)
  4 gnolls
  2 adders (D:2)
  2 dart slugs
  6 ball pythons
  3 bats
  3 endoplasms
  3 giant cockroaches
  7 goblins
  3 hobgoblins
  2 jackals (D:2)
  2 quokkas
  2 frilled lizards (D:1)
  2 kobolds
  A rat (D:1)
45 creatures vanquished.

Notes
Turn   | Place    | Note
-------+----------+-------------------------------------------
     0 | D:1      | Moral the Hill Orc Fighter began the quest for the Orb.
     0 | D:1      | Reached XP level 1. HP: 19/19 MP: 1/1
   219 | D:1      | Reached XP level 2. HP: 18/27 MP: 2/2
   281 | D:1      | Reached skill level 4 in Fighting
   554 | D:1      | Reached XP level 3. HP: 33/33 MP: 3/3
   938 | D:2      | Noticed Natasha
   946 | D:2      | Killed Natasha
   960 | D:2      | Reached XP level 4. HP: 15/41 MP: 4/4
  1356 | D:2      | Noticed Natasha
  1365 | D:2      | Killed Natasha
  1443 | D:2      | Reached XP level 5. HP: 32/47 MP: 5/5
  1553 | D:2      | Reached skill level 5 in Fighting
  1678 | D:2      | Noticed Natasha
  1685 | D:2      | Killed Natasha
  2043 | D:3      | HP: 2/48 [gnoll bouda/+0 club (1)]
  2048 | D:3      | Slain by a gnoll

Illustrated notes

Levels and vault maps discovered:
D:1:      matt_arrival_diagonals, layout_basic,
          amcnicky_mini_rare_corridor_liquid
D:2:      layout_loops_ring, uniq_natasha
D:3:      layout_rooms, nicolae_ru_great_annihilating_truth,
          mainiacjoe_overflow_concentric_impassable, minmay_misc_feat_enclosed,
          nicolae_grassy_gnolls

Skill      XL: |  1  2  3  4  5 |
---------------+----------------+-----
Axes           | 3 4 |  4.8
Fighting       | 4 5 |  5.1
Armour         | 4 |  4.0
Shields        | |  3.9

Action                     |  1- 3 |  4- 6 || total
---------------------------+-------+-------++-------
  Melee: War axe           |    80 |    74 ||   154
    Use: Scroll            |     2 |     2 ||     4
         Potion            |       |     5 ||     5
 Armour: Scale mail        |     7 |       ||     7
         Plate armour      |    45 |    47 ||    92
         Skin              |       |     4 ||     4
  Dodge: Dodged            |    29 |    19 ||    48
  Block: Buckler           |    26 |    33 ||    59

Table legend: (Time is in decaauts)
 A = Elapsed time spent in this place.
 B = Non-inter-level travel time spent in this place.
 C = Inter-level travel time spent in this place.
 D = Time resting spent in this place.
 E = Time spent auto-exploring this place.
 F = Levels seen in this place.
 G = Mean time per level.
                   A        B        C        D        E       F      G
               +--------+--------+--------+--------+--------+-----+--------+
         Total |   2099 |   2080 |     19 |    298 |   1304 |   3 |  699.7 |
       Dungeon |   2099 |   2080 |     19 |    298 |   1304 |   3 |  699.7 |
               +--------+--------+--------+--------+--------+-----+--------+

Top non-repeatable levels by time:
     D:1: 1039 daAuts
     D:2: 1023 daAuts
     D:3: 36 daAuts
